 Dungeon Crawl Stone Soup version 0.20-a0-1089-g3fde505 (webtiles) character file.

595 MydosGodOfBeginnings the Skirmisher (level 7, 0/57 HPs)
             Began as a Mummy Monk on May 2, 2017.
             Slain by a giant cockroach (2 damage)
             ... on level 5 of the Dungeon.
             The game lasted 00:15:53 (6730 turns).

MydosGodOfBeginnings the Skirmisher (Mummy Monk)    Turns: 6730, Time: 00:15:54

Health: 0/57       AC:  3    Str: 15    XL:     7   Next: 17%
Magic:  7/7        EV: 13    Int: 11    God:
Gold:   169        SH:  5    Dex: 14    Spells: 6/6 levels left

rFire    x . .     SeeInvis .   o - +2 hand axe (freeze)
rCold    + . .     Gourm    .   h - +0 buckler
rNeg     + + +     Faith    .   b - +0 robe
rPois    ∞         Spirit   .   k - +0 helmet
rElec    .         Reflect  .   (no cloak)
rCorr    .         Harm     .   (no gloves)
MR       .....                  (no boots)
Stlth    ++........             (no amulet)
Regen    0.2/turn               (no ring)
MPRegen  0.1/turn               (no ring)

@: no status effects
A: no food or potions, fire vulnerability, cold resistance 1, negative energy
resistance 3, torment resistance, unbreathing
a: no special abilities


You were on level 5 of the Dungeon.
You were not hungry.

You visited 2 branches of the dungeon, and saw 6 of its levels.

You collected 169 gold pieces.

Inventory:

Hand Weapons
 a - a +0 mace
 i - a +0 hand axe of flaming
 o - a +2 hand axe of freezing (weapon)
Armour
 b - a +0 robe (worn)
 h - a +0 buckler (worn)
 k - a +0 helmet (worn)
Jewellery
 n - an uncursed ring of wizardry
Wands
 q - a wand of random effects (27/48)
Scrolls
 c - a scroll of enchant armour
 d - a scroll of identify
 e - 3 scrolls of enchant weapon
 f - 2 scrolls of recharging
 g - a scroll of immolation
 j - a scroll of magic mapping
 l - a scroll of remove curse
 m - 3 scrolls of teleportation
 p - a scroll of acquirement {unknown}


   Skills:
 + Level 5.9 Fighting
 + Level 0.2(1.4) Axes
 - Level 2.4 Maces & Flails
 - Level 3.1 Dodging
 - Level 1.5 Stealth
 - Level 4.1 Shields


You had 6 spell levels left.
You didn't know any spells.

Dungeon Overview and Level Annotations

Branches:
Dungeon (5/15)             Temple (1/1) D:5

Altars:
Ashenzari
Cheibriados
Elyvilon
Fedhas
Gozag
Kikubaaqudgha
Makhleb
Nemelex Xobeh
Okawaru
Ru
Sif Muna
Trog
Uskayaw
Vehumet
Wu Jian
Xom
Yredelemnul
Zin
The Shining One

Shops:
D:5 !


Innate Abilities, Weirdness & Mutations

You do not eat or drink.
Your flesh is vulnerable to fire.
You are immune to poison.
Your flesh is cold resistant. (rC+)
You are immune to negative energy. (rN+++)
You are immune to unholy pain and torment.
You can survive without breathing.


Message History

You hit the centaur. You freeze the centaur. The centaur hits you!
The centaur hits you.
* * * LOW HITPOINT WARNING * * *
The centaur zaps a wand.
You easily resist.
You block the giant cockroach's attack.
You barely miss the centaur.
The centaur is moderately wounded.
You hit the giant cockroach. You freeze the giant cockroach.
You hit the centaur but do no damage. You block the centaur's attack.
The centaur hits you.
* * * LOW HITPOINT WARNING * * *
You block the giant cockroach's attack. The centaur misses you.
The centaur hits you!
* * * LOW HITPOINT WARNING * * *
You slash the centaur! You freeze the centaur.
The centaur is almost dead.
You barely miss the giant cockroach. You hit the centaur.
You freeze the centaur. You block the centaur's attack.
The giant cockroach bites you.
You die...

...#. .# ...#.###.##
#.....#...###
.#..........##.
#.....(......>.
............##.
#...>.sc.......
.......@c#.#
###......#.# ###
########....(.#.#
≈≈###8...8##....(.#.#
.≈≈##.....####.#.##.#
....'[.>..# #.#%##.#
...##.....# #.#(##.#
≈≈###8!..8####.#.##.#
≈## ########...#....#


You could see 2 centaurs and a giant cockroach.

Vanquished Creatures
  An ogre (D:5)
  A centaur (D:5)
  3 orc priests
  A jelly (D:5)
  Jessica (D:2)
  An iguana (D:4)
  2 worker ants
  A hound skeleton (D:4)
  Robin (D:1)
  7 adders
  An adder skeleton (D:5)
  A worm (D:2)
  7 dart slugs
  4 leopard geckos
  17 orcs
  A giant cockroach (D:4)
  8 goblins
  10 hobgoblins
  5 kobolds
  3 quokkas
  10 bats
  3 frilled lizards
  A quokka skeleton (D:4)
  11 rats
101 creatures vanquished.

Notes
Turn   | Place    | Note
-------+----------+-------------------------------------------
     0 | D:1      | MydosGodOfBeginnings the Mummy Monk began the quest for the Orb.
     0 | D:1      | Reached XP level 1. HP: 18/18 MP: 1/1
   479 | D:1      | Reached XP level 2. HP: 24/24 MP: 2/2
  1075 | D:2      | Reached XP level 3. HP: 28/30 MP: 3/3
  1335 | D:2      | Reached skill level 4 in Fighting
  1733 | D:2      | Noticed Jessica
  1743 | D:2      | Killed Jessica
  1743 | D:2      | Reached XP level 4. HP: 24/38 MP: 4/4
  1929 | D:2      | Noticed Robin
  2462 | D:1      | Killed Robin
  2544 | D:3      | Found a basalt altar of Yredelemnul.
  2580 | D:3      | Reached skill level 1 in Shields
  2636 | D:3      | Found an opulent altar of Gozag.
  2848 | D:2      | Reached skill level 5 in Fighting
  2848 | D:2      | Reached XP level 5. HP: 12/44 MP: 5/5
  4301 | D:3      | Found an iron altar of Okawaru.
  4303 | D:3      | Found a shimmering altar of Xom.
  4308 | D:3      | Found a sparkling altar of Nemelex Xobeh.
  4310 | D:3      | Found a glowing golden altar of the Shining One.
  4364 | D:3      | Reached XP level 6. HP: 20/52 MP: 6/6
  5947 | D:5      | Entered Level 5 of the Dungeon
  6111 | D:5      | Reached XP level 7. HP: 32/57 MP: 7/7
  6438 | D:5      | Found a staircase to the Ecumenical Temple.
  6528 | Temple   | Entered the Ecumenical Temple
  6642 | D:5      | Found Wazat's Distillery.
  6729 | D:5      | HP: 2/57 [centaur (7)]
  6730 | D:5      | Slain by a giant cockroach

Vault maps used:
D:1:      ncdulo_smallfort, hangedman_feature_mirror
D:2:      first_bread, minmay_pentomino_u4, uniq_robin, uniq_jessica
D:3:      cheibrodos_helix_gallery, overflow_temple_1_default,
          nicolae_overflow_crystal_walls, minitemple
D:5:      minmay_temple_entry_fiery, kennysheep_windowed_goal
Temple:   nicolae_temple_god_jail

Skill      XL: |  1  2  3  4  5  6  7 |
---------------+----------------------+-----
Dodging        | 3 |  3.1
Fighting       | 4 5 |  5.9
Shields        | 1 3 4 |  4.1
Axes           | |  0.2
Maces & Flails | |  2.4
Stealth        | |  1.5

Action                   |  1- 3 |  4- 6 |  7- 9 || total
-------------------------+-------+-------+-------++-------
Melee: Mace              |   105 |    84 |       ||   189
       Hand axe          |       |   111 |    18 ||   129
  Use: Scroll            |       |     9 |       ||     9
 Stab: Sleeping          |     5 |     5 |       ||    10
       Distracted        |     1 |     1 |       ||     2
Armor: Robe              |    16 |    29 |     4 ||    49
Dodge: Dodged            |    53 |   104 |    23 ||   180
Block: Buckler           |     7 |    35 |    12 ||    54
